 Dungeon Crawl Stone Soup version 0.29.1-12-g30fa7ad0bf (webtiles) character file.

Game seed: 237789185712481150

105 KittyFluff the Covered (level 4, -3/29 HPs)
             Began as a Gargoyle Fighter on Dec 29, 2022.
             Slain by a gnoll
             ... wielding the +8 long sword of Infection {drain, Str+3 SInv}
              (11 damage)
             ... on level 3 of the Dungeon.
             The game lasted 00:09:05 (2363 turns).

KittyFluff the Covered (Gargoyle Fighter)           Turns: 2363, Time: 00:09:06

Health: -3/29      AC: 10    Str: 20    XL:     4   Next: 83%
Magic:  4/4        EV: 10    Int: 12    God:
Gold:   70         SH:  9    Dex:  7    Spells: 3/3 levels left

rFire   + . .      SeeInvis +   a - +0 flail
rCold   . . .      Faith    .   c - +0 buckler
rNeg    + . .      Spirit   .   n - +3 leather armour of Welearol {rF+ Int+4 Dex-4 SInv}
rPois   ∞          Reflect  +   (no helmet)
rElec   +          Harm     .   (no cloak)
rCorr   .          Rampage  .   (no gloves)
Will    .....                   (no boots)
Stlth   +.........              l - amulet of reflection
HPRegen 0.09/turn               (no ring)
MPRegen 0.09/turn               (no ring)

@: no status effects
A: sickness immunity, AC +3, negative energy resistance 1, electricity
resistance, torment resistance 1, petrification resistance
a: no special abilities


You were on level 3 of the Dungeon.
You visited 1 branch of the dungeon, and saw 3 of its levels.

You collected 70 gold pieces.

Inventory:

Hand Weapons
 a - a +0 flail (weapon)
Missiles
 h - 5 stones (quivered)
 j - 6 javelins
 m - 6 poisoned darts
Armour
 b - a +0 scale mail
 c - a +0 buckler (worn)
 n - the +3 leather armour of Welearol (worn) {rF+ Int+4 Dex-4 SInv}
   (You found it on level 2 of the Dungeon)

   Int:       It affects your intelligence (+4).
   Dex:       It affects your dexterity (-4).
   rF:        It protects you from fire.
   SInv:      It lets you see invisible.
Jewellery
 l - an amulet of reflection (around neck)
Scrolls
 f - a scroll of summoning {unknown}
 i - a scroll of magic mapping {unknown}
 o - a scroll of blinking {unknown}
 p - 2 scrolls of teleportation {unknown}
Potions
 d - a potion of might
 e - a potion of heal wounds
 g - 3 potions of curing
 k - a potion of magic {unknown}


   Skills:
 + Level 3.9 Fighting
 + Level 2.9 Maces & Flails
 * Level 4.3 Armour
 + Level 0.8 Dodging
 + Level 3.7 Shields


You had 3 spell levels left.
You didn't know any spells.
Your spell library was empty.

Dungeon Overview and Level Annotations

Branches:
Dungeon (3/15)

Altars:

Shops:
D:1 (

Annotations:
D:3 Sigmund


Innate Abilities, Weirdness & Mutations

You are immune to sickness and miasma.
Your stone body is resilient. (AC +3)
You are immune to poison.
You resist negative energy. (rN+)
You are resistant to electric shocks. (rElec)
You are resistant to unholy torment.
You are immune to petrification.


Message History

The orc barely misses you.
You closely miss the orc.
The orc is heavily wounded.
The orc barely misses you. You block the orc's attack.
You closely miss the orc.
The orc is heavily wounded.
The orc hits you but does no damage.
You hit the orc but do no damage.
The orc is heavily wounded.
The rat twitches its whiskers.
You block the orc's attack.
You hit the orc.
You kill the orc!
You sock the rat!
You kill the rat!
You start resting.
A gnoll comes into view.
It is wielding the +8 long sword of Infection {drain, Str+3 SInv}.
Items here: )) [[ †.
g - 3 potions of curing (gained 1)
Things that are here:
a +2 trident of holy wrath; a +0 leather armour You start resting.
A gnoll is nearby!
The gnoll shouts!
You hit the gnoll.
The gnoll is heavily wounded.
You hear a shout!
You block the gnoll's attack.
You closely miss the gnoll.
The gnoll is heavily wounded.
You block the gnoll's attack.
You barely miss the gnoll.
The gnoll is heavily wounded.
You block the gnoll's attack.
The gnoll hits you with the +8 long sword of Infection {drain, Str+3 SInv}.
* * * LOW HITPOINT WARNING * * *
You barely miss the gnoll.
The gnoll is heavily wounded.
The gnoll hits you with the +8 long sword of Infection {drain, Str+3 SInv}!
You die...

#># #.#
#.#######
#.......#
.###.#####.##
............###
###..#.).....#
#..#g##..#..g..
#..#)@#..#.##.#
#........# # #
# #..##.#..# #
#.. .....# # ##
#.#### #.. #
#.# . #.. .


You could see a gnoll.

Vanquished Creatures
  Ijyb (D:2)
  3 adders (D:2)
  A worm (D:2)
  3 dart slugs (D:2)
  4 orcs (D:3)
  2 ball pythons
  5 bats
  2 endoplasms (D:2)
  4 goblins (D:1)
  5 hobgoblins
  4 kobolds
  A quokka (D:2)
  3 frilled lizards
  2 rats
40 creatures vanquished.

Notes
Turn   | Place    | Note
-------+----------+-------------------------------------------
     0 | D:1      | KittyFluff the Gargoyle Fighter began the quest for the
                  | Orb.
     0 | D:1      | Reached XP level 1. HP: 14/14 MP: 1/1
   424 | D:1      | Reached XP level 2. HP: 15/19 MP: 2/2
   598 | D:1      | Found Eceepuj's Antique Weapon Shop.
   970 | D:2      | Reached XP level 3. HP: 16/24 MP: 3/3
  1236 | D:2      | Reached skill level 4 in Armour
  1439 | D:2      | Reached XP level 4. HP: 29/29 MP: 4/4
  1767 | D:2      | Identified the +3 leather armour of Welearol {rF+ Int+4
                  | Dex-4 SInv}
  1886 | D:3      | Noticed Sigmund
  1958 | D:3      | Noticed Ijyb
  1990 | D:2      | Killed Ijyb
  2346 | D:3      | Identified the +8 long sword of Infection {drain, Str+3
                  | SInv}
  2363 | D:3      | Slain by a gnoll

Illustrated notes

Levels and vault maps discovered:
D:1:      dpeg_arrival_stonehenge_8_columns, layout_loops_corners, serial_shops,
          nicolae_shop_competitors_out_of_business
D:2:      layout_basic
D:3:      layout_loops_cross, gammafunk_ghost_mausoleum,
          hellmonk_ecumenical_altar_leap_of_faith, nicolae_figureground_sparkle,
          uniq_crazy_yiuf_cottage, uniq_ijyb, uniq_sigmund

Skill      XL: |  1  2  3 |
---------------+----------+-----
Armour         | 4 |  4.3
Fighting       | |  3.9
Maces & Flails | |  2.9
Dodging        | |  0.8
Shields        | |  3.7

Action                   |  1- 3 |  4- 6 || total
-------------------------+-------+-------++-------
Melee: Flail             |   109 |    82 ||   191
  Use: Scroll            |       |     2 ||     2
       Potion            |       |     2 ||     2
Armor: Scale mail        |    67 |     8 ||    75
       Leather armour    |       |    22 ||    22
Dodge: Dodged            |    49 |    39 ||    88
Block: Buckler           |    27 |    46 ||    73
